AoeStats
← Denoxs

Arena

510227236Analyzed
4v4 RM · 10h ago on Sep 30, 2026· 35m 7s· 8 players
Game mode
Random Map
Map size
Large (8 player)
Population
200
Speed
Normal
Resources
Standard
Victory
Conquest
Starting age
Dark Age
Ending age
Imperial Age
RankedLock teamsTeams togetherTeam positionsShared explorationLock speedFull tech treeHidden civsTurbo modeCheats
Victory
Defeat
🇨🇳 Huns · China
1239
+15
🇦🇷 Mongols · Argentina
1229
+15
🇳🇿 Aztecs · New Zealand
1191
+17
🇳🇿 Danes · New Zealand
1168
+18
1250
-17
🇺🇸 Bohemians · United States
1221
-17
🇨🇷 Portuguese · Costa Rica
1203
-16
🇺🇸 Burgundians · United States
1187
-15
Big Oil
6:30 Double-Bit Axe
10:25 Feudal Age
9:04 Gold Mining
11:43 Wheelbarrow
11:35 Bow Saw
16:40 Castle Age
14:27 Loom
15:19 Horse Collar
15:40 Stone Mining
20:07 Two-Man Saw
24:49 Scale Barding Armor
26:08 Chain Barding Armor
26:40 Forging
27:52 Iron Casting
✮PRINCE✮
5:13 Loom
11:08 Feudal Age
14:54 Castle Age
12:47 Horse Collar
13:22 Double-Bit Axe
16:02 Wheelbarrow
16:05 Bow Saw
18:12 Fletching
21:24 Bodkin Arrow
23:03 Heavy Plow
Thrillho
10:50 Feudal Age
11:56 Double-Bit Axe
14:48 Castle Age
12:56 Horse Collar
18:07 Wheelbarrow
20:38 Heavy Plow
21:46 Fervor
22:47 Bow Saw
27:21 Imperial Age
[WWW - KT] Er MaRdiTho!
9:54 Feudal Age
13:36 Castle Age
12:10 Double-Bit Axe
12:13 Horse Collar
14:27 Bow Saw
20:22 Heavy Plow
22:19 Wheelbarrow
22:12 Gold Mining
23:26 Hand Cart
23:13 Stone Mining
Denoxs
10:44 Feudal Age
14:25 Castle Age
12:13 Double-Bit Axe
13:03 Gold Mining
14:34 Pikeman
16:50 Horse Collar
18:50 Loom
26:32 Wheelbarrow
27:39 Bow Saw
27:10 Horse Collar
29:25 Heavy Plow
31:52 Hand Cart
31:53 Forging
31:49 Scale Mail Armor
SoulStrider6763
11:17 Feudal Age
16:08 Castle Age
14:26 Loom
15:00 Double-Bit Axe
15:34 Scale Mail Armor
18:53 Sanctity
21:44 Redemption
23:22 Fervor
29:30 Horse Collar
30:02 Bow Saw
32:13 Man-at-Arms
32:15 Eagle Warrior
32:56 Squires
32:42 Gambesons
32:43 Arson
Humawaska
10:35 Feudal Age
12:08 Double-Bit Axe
14:26 Castle Age
12:09 Horse Collar
18:56 Wheelbarrow
23:48 Bow Saw
23:44 Heavy Plow
24:09 Gold Mining
24:10 Stone Mining
28:00 Imperial Age
27:17 Gold Shaft Mining
27:19 Stone Shaft Mining
27:02 Hand Cart
26:34 Loom
26:43 Fletching
28:04 Husbandry
28:00 Bodkin Arrow
28:05 Padded Archer Armor
28:27 Ballistics
29:27 Bracer
30:29 Chemistry
29:53 Conscription
29:47 Bloodlines
30:32 Leather Archer Armor
30:05 Elite Mangudai
32:49 Forging
32:45 Scale Barding Armor
32:01 Light Cavalry
33:08 Thumb Ring
32:36 Hussar
34:28 Parthian Tactics
877576839
7:58 Loom
11:28 Feudal Age
12:06 Horse Collar
12:24 Double-Bit Axe
15:45 Castle Age
16:40 Bow Saw
16:37 Heavy Plow
19:50 Wheelbarrow
22:10 Hand Cart
22:42 Fletching
24:21 Loom
25:53 Gold Mining
25:55 Town Watch
29:13 Imperial Age
27:38 Ballistics
27:57 Thumb Ring
28:03 Thumb Ring
28:16 Bodkin Arrow
28:22 Padded Archer Armor
28:55 Bloodlines
28:45 Husbandry
30:01 Bracer
31:03 Chemistry
33:44 Capped Ram
Connection lost

Rejoining the realm…

Still unreachable

The connection could not be restored.

Session expired

The server has moved on; the page needs a fresh start.